 Dungeon Crawl Stone Soup version 0.28.0-53-g5a82cb258f (webtiles) character file.

Game seed: 11659746136885639678

221 ILmort the Chopper (level 5, -4/42 HPs)
             Began as a Demonspawn Fighter on Aug 15, 2022.
             Slain by a steam dragon (5 damage)
             ... on level 4 of the Dungeon.
             The game lasted 00:10:25 (3544 turns).

ILmort the Chopper (Demonspawn Fighter)             Turns: 3544, Time: 00:10:26

Health: -4/42      AC: 12    Str: 18    XL:     5   Next: 65%
Magic:  5/5        EV:  9    Int:  9    God:
Gold:   78         SH:  4    Dex: 13    Spells: 4/4 levels left

rFire   . . .      SeeInvis .   a - +0 war axe
rCold   . . .      Faith    .   c - +0 buckler
rNeg    . . .      Spirit   .   b - +0 scale mail
rPois   .          Reflect  .   (no helmet)
rElec   .          Harm     .   (no cloak)
rCorr   .          Rampage  .   (no gloves)
Will    .....                   (no boots)
Stlth   ..........              (no amulet)
HPRegen 0.14/turn               (no ring)
MPRegen 0.09/turn               (no ring)

@: sanguine armoured
A: sanguine armour 1, condensation shield, demonic touch 1
a: no special abilities


You were on level 4 of the Dungeon.
You visited 1 branch of the dungeon, and saw 5 of its levels.

You collected 78 gold pieces.

Inventory:

Hand Weapons
 a - a +0 war axe (weapon)
Missiles
 g - a throwing net (quivered)
Armour
 b - a +0 scale mail (worn)
 c - a +0 buckler (worn)
 d - a +0 cloak
Scrolls
 j - a scroll of magic mapping
 k - a scroll of vulnerability {unknown}
Potions
 f - a potion of berserk rage {unknown}
 i - a potion of cancellation
 l - a potion of haste


   Skills:
 * Level 3.8 Fighting
 + Level 5.0 Axes
 - Level 2.6 Armour
 - Level 2.6 Shields


You had 4 spell levels left.
You didn't know any spells.
Your spell library contained the following spells:

 Spells                   Type           Power      Damage    Failure   Level
 Stone Arrow              Conj/Erth      0%         3d7       99%         3
 Animate Armour           Summ/Erth      0%         N/A       100%        4
 Lehudib's Crystal Spear  Conj/Erth      0%         10d2      100%        8


Dungeon Overview and Level Annotations

Branches:
Dungeon (5/15)
 Temple: D:4-7

Altars:

Annotations:
D:4 exclusions: downstairs and 1 more exclusion


Innate Abilities, Weirdness & Mutations

When seriously injured, your blood forms armour. (AC +6)
A meltable shield of frost defends you. (SH +0)
Your touch may inflict minor irresistible damage on your foes.


Message History

You start resting.
Your blood armour dries and flakes away.
You start resting.
An endoplasm comes into view.
The endoplasm quivers.
You hit the endoplasm.
The endoplasm hits you but does no damage.
You hit the endoplasm but do no damage. The endoplasm freezes you.
You are frozen.
A steam dragon comes into view.
You hit the endoplasm but do no damage. The endoplasm barely misses you.
The endoplasm freezes you.
You are frozen.
You hit the endoplasm. The endoplasm freezes you.
You are frozen.
You slash the endoplasm!
You kill the endoplasm!
You start resting.
You can't see that place. [the floor.]
The steam dragon hisses angrily.
The steam dragon bites you but does no damage.
You block the steam dragon's attack.
You barely miss the steam dragon. The steam dragon breathes steam at you.
The ball of steam hits you!
Your condensation shield dissipates!
Your blood congeals into armour.
You hit the steam dragon.
You are engulfed in a cloud of scalding steam.
* * * LOW HITPOINT WARNING * * *
The steam dragon bites you!
* * * LOW HITPOINT WARNING * * *
The steam dragon claws you.
* * * LOW HITPOINT WARNING * * *
Unknown command.
The steam dragon bites you.
You die...

....# #..##.#
....# #..##.##
##..## #..##..#
##..# #..#..#.#
#..## #....####
##..# #....#
#..# #....#### #
#.†##
###D......# ##
##..#
#####.§@#######
†#
#..###....§.##
.##
#..........##
..###......§§.##
.........§§§§.#
...........§§##
...####....§.#
...# #.......#
.... #.......#


You could see a steam dragon.

Vanquished Creatures
  Crazy Yiuf (D:2)
  Natasha (thrice) (D:2)
  4 adders
  A worm (D:2)
  2 dart slugs
  7 ball pythons
  7 endoplasms
  2 giant cockroaches (D:1)
  9 goblins
  3 hobgoblins
  7 jackals
  3 quokkas
  4 bats
  3 frilled lizards
  10 kobolds
  3 rats
69 creatures vanquished.

Vanquished Creatures (others)
  A plant (D:1)
1 creature vanquished.

Grand Total: 70 creatures vanquished

Notes
Turn   | Place    | Note
-------+----------+-------------------------------------------
     0 | D:1      | ILmort the Demonspawn Fighter began the quest for the Orb.
     0 | D:1      | Reached XP level 1. HP: 18/18 MP: 1/1
    31 | D:1      | Reached skill level 2 in Axes
   269 | D:1      | Gained mutation: A meltable shield of frost defends you.
                  | (SH +0) [demonic ancestry]
   269 | D:1      | Reached XP level 2. HP: 24/24 MP: 2/2
   486 | D:1      | Found a faded altar of an unknown god.
   593 | D:1      | Reached skill level 3 in Axes
   600 | D:1      | Gained mutation: Your touch may inflict minor irresistible
                  | damage on your foes. [demonic ancestry]
   600 | D:1      | Reached XP level 3. HP: 27/29 MP: 3/3
  1161 | D:2      | Noticed Natasha
  1766 | D:2      | Killed Natasha
  1767 | D:2      | Reached skill level 4 in Axes
  1767 | D:2      | Gained mutation: When seriously injured, your blood forms
                  | armour. (AC +6) [demonic ancestry]
  1767 | D:2      | Reached XP level 4. HP: 35/35 MP: 4/4
  1922 | D:2      | Noticed Natasha
  1933 | D:2      | Killed Natasha
  2368 | D:2      | Found a runed translucent door.
  2369 | D:2      | Noticed Crazy Yiuf
  2378 | D:2      | Killed Crazy Yiuf
  2379 | D:2      | Reached XP level 5. HP: 21/41 MP: 5/5
  2688 | D:2      | Noticed Natasha
  2697 | D:2      | Killed Natasha
  3055 | D:3      | You fall into a shaft and drop 2 floors!
  3055 | D:5      | Entered Level 5 of the Dungeon
  3055 | D:5      | Noticed a centaur
  3178 | D:4      | Reached skill level 5 in Axes
  3473 | D:4      | Noticed a steam dragon
  3543 | D:4      | HP: 2/42 [steam dragon (9)]
  3544 | D:4      | Slain by a steam dragon

Illustrated notes

Levels and vault maps discovered:
D:1:      dpeg_arrival_pond, layout_basic,
          shapermc_ecumenical_altar_mp_highgroup, serial_bayou_ford_a
D:2:      layout_basic, uniq_crazy_yiuf_cottage, uniq_natasha
D:3:      layout_loops_ring
D:4:      layout_layer_cave, mainiacjoe_overflow_catwalk, uniq_eustachio
D:5:      layout_loops_ring, minmay_temple_entry_hall

Skill      XL: |  1  2  3  4  5 |
---------------+----------------+-----
Axes           | 2 3 4 5 |  5.0
Fighting       | |  3.8
Armour         | |  2.6
Shields        | |  2.6

Action                   |  1- 3 |  4- 6 || total
-------------------------+-------+-------++-------
Melee: War axe           |   119 |   107 ||   226
  Use: Scroll            |     1 |     5 ||     6
       Potion            |       |     2 ||     2
Armor: Scale mail        |    43 |    30 ||    73
Dodge: Dodged            |    49 |    40 ||    89
Block: Buckler           |    52 |    44 ||    96
